AoeStats
← Phu Thuy

Arena

510398481Analyzed
4v4 RM · 1d ago on Sep 30, 2026· 52m 13s· 8 players
Game mode
Random Map
Map size
Large (8 player)
Population
200
Speed
Normal
Resources
Standard
Victory
Conquest
Starting age
Dark Age
Ending age
Imperial Age
RankedLock teamsTeams togetherTeam positionsShared explorationLock speedFull tech treeHidden civsTurbo modeCheats
Victory
Defeat
🇻🇳 Magyars · Vietnam
1230
+14
1213
+15
🇻🇳 Persians · Vietnam
1199
+16
🇨🇳 Jurchens · China
1190
+16
🇩🇪 Ethiopians · Germany
1241
-16
🇨🇴 Spanish · Colombia
1211
-16
🇺🇸 Chinese · United States
1175
-15
🇲🇦 Koreans · Morocco
1153
-14
La Hire
9:45 Feudal Age
11:05 Double-Bit Axe
14:35 Castle Age
13:11 Horse Collar
16:32 Bow Saw
17:49 Loom
19:23 Heavy Plow
20:59 Wheelbarrow
22:51 Hand Cart
23:58 Town Watch
24:23 Scale Barding Armor
24:29 Forging
27:01 Chain Barding Armor
27:16 Iron Casting
26:46 Gold Mining
30:08 Imperial Age
28:16 Bloodlines
28:06 Husbandry
29:03 Stone Mining
29:48 Gold Shaft Mining
28:36 Light Cavalry
30:13 Elite Steppe Lancer
31:30 Plate Barding Armor
31:56 Blast Furnace
30:59 Town Patrol
30:50 Elite Steppe Lancer
32:21 Ballistics
32:19 Devotion
32:44 Conscription
33:57 Masonry
34:01 Siege Engineers
36:21 Fletching
37:37 Chemistry
37:07 Architecture
36:57 Hussar
42:53 Padded Archer Armor
42:49 Bodkin Arrow
46:27 Thunderclap Bombs
49:32 Hoardings
49:16 Leather Archer Armor
48:49 Gambesons
49:04 Squires
48:49 Arson
48:40 Heavy Cavalry Archer
51:33 Ring Archer Armor
51:03 Bracer
51:04 Murder Holes
51:19 Fortified Wall
Tin's
9:47 Feudal Age
15:02 Castle Age
13:23 Double-Bit Axe
13:39 Horse Collar
22:17 Wheelbarrow
21:27 Loom
21:45 Heavy Plow
23:02 Bow Saw
27:00 Hand Cart
29:51 Imperial Age
28:24 Scale Barding Armor
28:29 Forging
28:10 Fletching
28:43 Ballistics
29:29 Chain Barding Armor
30:11 Husbandry
30:21 Bloodlines
30:51 Iron Casting
29:58 Crossbowman
30:43 Thumb Ring
30:49 Cavalier
32:11 Padded Archer Armor
33:46 Plate Barding Armor
34:12 Blast Furnace
33:39 Bodkin Arrow
33:59 Leather Archer Armor
33:27 Savar
34:39 Kamandaran
34:35 Town Watch
34:47 Gold Mining
34:47 Stone Mining
35:28 Crop Rotation
36:01 Two-Man Saw
35:57 Parthian Tactics
36:58 Chemistry
36:19 Elite Skirmisher
36:22 Light Cavalry
40:08 Town Patrol
40:02 Hussar
41:21 Masonry
43:13 Ring Archer Armor
43:23 Gold Shaft Mining
43:23 Stone Shaft Mining
43:28 Conscription
Phu Thuy
10:27 Feudal Age
15:13 Castle Age
13:26 Double-Bit Axe
13:22 Horse Collar
21:16 Loom
21:57 Bow Saw
25:02 Stone Mining
26:42 Wheelbarrow
28:54 Hand Cart
28:43 Heavy Plow
29:03 Gold Mining
29:18 Town Watch
32:13 Imperial Age
30:12 Scale Barding Armor
30:57 Gold Shaft Mining
30:43 Bloodlines
30:37 Husbandry
31:43 Masonry
31:48 Corvinian Army
32:12 Chain Barding Armor
32:09 Thumb Ring
32:41 Fletching
32:53 Padded Archer Armor
34:12 Chemistry
33:55 Parthian Tactics
32:55 Heavy Cavalry Archer
33:33 Bodkin Arrow
33:53 Leather Archer Armor
33:42 Elite Skirmisher
34:59 Bracer
35:40 Ring Archer Armor
39:40 Two-Man Saw
39:23 Crop Rotation
38:36 Light Cavalry
39:42 Hussar
41:13 Plate Barding Armor
44:16 Corvinian Army
44:19 Recurve Bow
43:45 Elite Magyar Huszar
44:47 Conscription
45:03 Hoardings
48:16 Ballistics
47:37 Treadmill Crane
48:04 Siege Engineers
47:58 Murder Holes
48:06 Recurve Bow
西貢蘇tszxxx怒插慈雲山傻尻
11:51 Feudal Age
16:00 Castle Age
14:04 Double-Bit Axe
15:24 Forging
16:12 Bloodlines
20:12 Husbandry
22:28 Wheelbarrow
23:14 Town Watch
24:08 Scale Barding Armor
26:51 Hand Cart
27:09 Light Cavalry
29:17 Horse Collar
31:51 Loom
36:11 Imperial Age
34:43 Bow Saw
37:15 Ballistics
38:08 Chain Barding Armor
38:11 Capped Ram
38:14 Heavy Scorpion
40:00 Chemistry
40:38 Plate Barding Armor
41:32 Double Crossbow
42:05 Gold Mining
43:04 Town Patrol
43:51 Gold Shaft Mining
42:51 Hussar
44:17 Iron Casting
44:33 Siege Engineers
47:09 Stone Mining
DeepBlue_
11:07 Feudal Age
12:55 Wheelbarrow
16:17 Castle Age
14:12 Horse Collar
14:20 Double-Bit Axe
17:50 Bow Saw
20:09 Heavy Plow
21:41 Stone Mining
22:40 Gold Mining
25:28 Hand Cart
25:04 Loom
27:10 Gold Shaft Mining
27:12 Stone Shaft Mining
30:32 Imperial Age
28:09 Town Watch
28:21 Fletching
28:58 Bodkin Arrow
29:39 Treadmill Crane
31:54 Bracer
32:56 Chemistry
31:51 Elite War Wagon
33:50 Two-Man Saw
33:49 Masonry
33:54 Fortified Wall
35:02 Capped Ram
37:12 Caravan
38:55 Heavy Rocket Cart
45:04 Siege Engineers
47:31 Coinage
Mongobongo_17
10:25 Feudal Age
10:51 Double-Bit Axe
14:49 Castle Age
13:51 Horse Collar
17:08 Wheelbarrow
17:08 Loom
27:39 Imperial Age
24:59 Town Watch
25:18 Padded Archer Armor
25:08 Fletching
26:22 Hand Cart
26:05 Gold Mining
26:51 Squires
27:12 Scale Mail Armor
27:23 Forging
27:31 Leather Archer Armor
27:12 Bodkin Arrow
26:44 Crossbowman
28:09 Halberdier
31:37 Chemistry
32:05 Chain Mail Armor
32:25 Iron Casting
31:12 Arbalester
31:58 Thumb Ring
34:20 Stone Mining
35:20 Bow Saw
36:21 Torsion Engines
38:43 Ballistics
40:35 Conscription
40:12 Onager
41:35 Royal Heirs
41:50 Siege Engineers
41:27 Capped Ram
42:39 Ring Archer Armor
42:10 Bracer
42:40 Plate Mail Armor
43:11 Blast Furnace
42:20 Heavy Plow
42:01 Heavy Camel Rider
43:23 Siege Onager
44:57 Husbandry
45:06 Scale Barding Armor
45:21 Heavy Scorpion
47:36 Masonry
49:16 Town Patrol
49:38 Light Cavalry
50:41 Chain Barding Armor
49:44 Elite Skirmisher
BlackBullet6660
10:14 Feudal Age
10:50 Double-Bit Axe
16:49 Castle Age
15:50 Forging
15:57 Stone Mining
16:30 Horse Collar
17:10 Gold Mining
18:54 Fletching
21:39 Fervor
22:28 Wheelbarrow
23:11 Loom
23:40 Bodkin Arrow
29:12 Padded Archer Armor
30:32 Ballistics
30:27 Husbandry
30:38 Bloodlines
31:13 Thumb Ring
34:35 Imperial Age
32:55 Stone Shaft Mining
34:40 Bow Saw
35:04 Heavy Mounted Crossbowman
36:35 Hand Cart
36:05 Town Watch
37:04 Bracer
37:20 Leather Archer Armor
38:13 Chemistry
39:44 Conscription
41:33 Ring Archer Armor
43:54 Two-Man Saw
44:10 Scale Barding Armor
44:41 Iron Casting
44:29 Light Cavalry
47:10 Chain Barding Armor
47:51 Blast Furnace
50:15 Onager
landlordlarry
0:40 Loom
11:49 Feudal Age
16:01 Castle Age
13:46 Horse Collar
14:58 Double-Bit Axe
17:47 Heavy Plow
19:25 Bow Saw
22:26 Wheelbarrow
26:27 Padded Archer Armor
26:17 Fletching
26:26 Gold Mining
26:27 Stone Mining
27:57 Bodkin Arrow
28:17 Leather Archer Armor
31:03 Imperial Age
29:54 Thumb Ring
31:04 Ballistics
31:36 Hand Cart
33:02 Two-Man Saw
32:04 Bracer
32:35 Ring Archer Armor
33:08 Chemistry
32:48 Gold Shaft Mining
32:48 Stone Shaft Mining
31:58 Heavy Rocket Cart
33:13 Coinage
33:19 Rocketry
33:40 Conscription
34:42 Elite Chu Ko Nu
36:03 Town Watch
36:07 Elite Fire Lancer
38:04 Forging
37:54 Scale Mail Armor
38:08 Masonry
38:22 Squires
40:15 Iron Casting
39:56 Chain Mail Armor
40:38 Architecture
39:58 Pikeman
40:35 Halberdier
42:17 Blast Furnace
42:08 Town Patrol
42:53 Plate Mail Armor
45:01 Caravan
Connection lost

Rejoining the realm…

Still unreachable

The connection could not be restored.

Session expired

The server has moved on; the page needs a fresh start.